 Dungeon Crawl Stone Soup version 0.27-a0-1202-ge72e49191c (webtiles) character file.

Game seed: 17736143504839125422

4879 reriks the Blocker (level 10, 0/82 HPs)
             Began as a Gnoll Fighter on June 4, 2021.
             Was a Believer of Okawaru.
             Slain by a warg (12 damage)
             ... on level 9 of the Dungeon.
             The game lasted 00:19:13 (12918 turns).

reriks the Blocker (Gnoll Fighter)                 Turns: 12918, Time: 00:19:13

Health: 0/82       AC: 16    Str: 19    XL:     10   Next: 50%
Magic:  18/18      EV:  6    Int:  7    God:    Okawaru [**....]
Gold:   237        SH: 11    Dex: 12    Spells: 18/19 levels left

rFire    + . .     SeeInvis .   w - +0 morningstar (vamp)
rCold    + + +     Faith    .   c - +0 kite shield
rNeg     . . .     Spirit   .   v - +0 plate armour
rPois    .         Reflect  .   (no helmet)
rElec    .         Harm     +   C - +0 cloak
rCorr    .         Rampage  .   (no gloves)
Will     .....                  z - +0 pair of boots of the Iron City of Dis {Harm rC+++}
Stlth    ..........             u - amulet of the acrobat
HPRegen  0.23/turn              k - ring of protection from fire
MPRegen  0.16/turn              (no ring)

@: no status effects
A: fangs 1, strong nose, distributed training
a: Renounce Religion, Heroism


You were on level 9 of the Dungeon.
You worshipped Okawaru.
Okawaru was pleased with you.
You visited 2 branches of the dungeon, and saw 10 of its levels.

You collected 391 gold pieces.
You spent 154 gold pieces at shops.

Inventory:

Hand Weapons
 a - a +0 war axe of freezing
 i - a +0 antimagic dagger
 q - a +2 dagger of venom
 w - a +0 vampiric morningstar (weapon)
Missiles
 p - 14 boomerangs (quivered)
 F - 6 javelins
Armour
 b - a +0 scale mail
 c - a +0 kite shield (worn)
 h - a +0 pair of boots
 v - a +0 plate armour (worn)
 y - +0 swamp dragon scales
 z - the +0 pair of boots of the Iron City of Dis (worn) {Harm rC+++}
   (You acquired it on level 8 of the Dungeon)

   It renders you almost immune to cold.
   It increases damage dealt and taken.
 B - the +1 leather armour of Duty {rElec rF+ SInv}
   (You found it on level 7 of the Dungeon)

   It protects you from fire.
   It insulates you from electricity.
   It lets you see invisible.
 C - a +0 cloak (worn)
Jewellery
 k - a ring of protection from fire (left hand)
 u - an amulet of the acrobat (around neck)
Wands
 l - a wand of iceblast (12)
Scrolls
 j - 3 scrolls of vulnerability
 o - 2 scrolls of identify
 s - 3 scrolls of teleportation
Potions
 d - a potion of might
 e - 2 potions of curing
 f - a potion of attraction
 g - 2 potions of degeneration
 m - a potion of mutation {unknown}
 n - 3 potions of resistance {unknown}
 r - a potion of brilliance {unknown}
 t - 2 potions of invisibility {unknown}
 x - a potion of magic {unknown}
 A - a potion of cancellation {unknown}
 D - a potion of haste {unknown}
 E - a potion of heal wounds {unknown}


   Skills:
 + Level 8.5 Fighting
 + Level 5.3 Short Blades
 + Level 5.3 Long Blades
 + Level 7.1 Axes
 + Level 5.3 Maces & Flails
 + Level 5.3 Polearms
 + Level 5.3 Staves
 + Level 5.3 Slings
 + Level 5.3 Bows
 + Level 5.3 Crossbows
 + Level 5.3 Throwing
 + Level 8.5 Armour
 + Level 5.3 Dodging
 + Level 5.3 Stealth
 + Level 8.5 Shields
 + Level 5.3 Unarmed Combat
 + Level 5.3 Spellcasting
 + Level 4.4 Conjurations
 + Level 4.4 Hexes
 + Level 4.4 Summonings
 + Level 4.4 Necromancy
 + Level 4.4 Translocations
 + Level 4.4 Transmutations
 + Level 4.4 Fire Magic
 + Level 4.4 Ice Magic
 + Level 4.4 Air Magic
 + Level 4.4 Earth Magic
 + Level 4.4 Poison Magic
 + Level 5.9 Invocations
 + Level 5.3 Evocations


You had 18 spell levels left.
You knew the following spells:

 Your Spells              Type           Power      Damage    Failure   Level
a - Animate Skeleton      Necr           16%        N/A       92%         1

Your spell library contained the following spells:

 Spells                   Type           Power      Damage    Failure   Level
 Apportation              Tloc           16%        N/A       92%         1
 Corona                   Hex            8%         N/A       92%         1
 Magic Dart               Conj           32%        1d4       92%         1
 Pain                     Necr           32%        1d5       92%         1
 Summon Small Mammal      Summ           32%        N/A       92%         1
 Ensorcelled Hibernation  Hex/Ice        16%        N/A       98%         2
 Searing Ray              Conj           16%        3d3       98%         2
 Confusing Touch          Hex            8%         N/A       100%        3
 Dazzling Flash           Conj/Hex       16%        N/A       100%        3
 Tukima's Dance           Hex            8%         N/A       100%        3
 Vampiric Draining        Necr           4%         2d6       100%        3
 Animate Dead             Necr           4%         N/A       100%        4
 Fulminant Prism          Conj/Hex       4%         3d6       100%        4
 Iskenderun's Mystic Bla  Conj/Tloc      8%         2d4       100%        4
 Agony                    Necr           8%         N/A       100%        5


Dungeon Overview and Level Annotations

Branches:
Dungeon (9/15)             Temple (1/1) D:4            Lair (0/6) D:9
    Orc: D:9-12

Altars:
Ashenzari
Cheibriados
Elyvilon
Fedhas
Gozag
Hepliaklqana
Kikubaaqudgha
Makhleb
Okawaru
Qazlal
Ru
Sif Muna
Trog
Uskayaw
Vehumet
Wu Jian
Xom
Yredelemnul
Zin
The Shining One
Beogh

Shops:
D:5 (   D:9 [


Innate Abilities, Weirdness & Mutations

You have very sharp teeth.
Your uncanny sense of smell can sniff out nearby items.
Your experience applies equally to all skills.


Message History

The warg bites you.
You thump the warg!
The warg is moderately wounded.
You block the warg's attack. The warg completely misses you.
You block the warg's attack. The warg bites you but does no damage.
You hit the warg.
You feel better.
The warg is moderately wounded.
You block the warg's attack.
The warg pauses to sniff the ground.
The warg bites you but does no damage. The warg bites you.
You hit the warg.
You feel better.
The warg is heavily wounded.
The warg bites you! The warg bites you but does no damage.
The warg closely misses you. The warg barely misses you.
You puncture the warg!
You feel better.
You kill the warg!
Okawaru accepts your kill. You block the warg's attack. The warg bites you!
You closely miss the warg. The warg bites you. You block the warg's attack.
You miss the warg. You block the warg's attack. The warg bites you.
You closely miss the warg. The warg bites you! You block the warg's attack.
You are too injured to fight recklessly!
You are too injured to fight recklessly!
You are too injured to fight recklessly!
You are too injured to fight recklessly!
You closely miss the warg. The warg bites you!
* * * LOW HITPOINT WARNING * * *
You hit the warg.
You feel better.
The warg is lightly wounded.
The warg bites you.
* * * LOW HITPOINT WARNING * * *
The warg bites you!
* * * LOW HITPOINT WARNING * * *
Your plate armour prevents you from hitting the warg.
You bite the warg, but do no damage. You block the warg's attack. x2
You hit the warg but do no damage. You block the warg's attack. x2
You hit the warg.
You feel better.
Your bite misses the warg.
The warg is lightly wounded.
The warg bites you!
You die...

≈≈≈≈#....#.......#...####.....#
≈≈≈≈≈....#.......#..... ##....#
≈≈≈≈≈##'##.......#..... ######
#≈≈≈≈......#######..... #
.≈≈≈≈≈.....#...........
.≈≈≈≈≈.....#..........
88≈≈≈≈≈88..#...!......
..............†[......
..............@h......
88≈≈≈≈≈88..#..........
###≈≈≈≈....#..........
.≈≈≈≈≈...#######.... ≈≈≈≈≈###.
... .≈≈≈≈ . .. .≈≈≈≈ . ∆ .


You could see a warg.

Vanquished Creatures
  Maggie (D:7)
  Sigmund (D:3)
  4 yaks (D:8)
  A steam dragon (D:6)
  2 wargs (D:9)
  3 water moccasins
  An acid dragon (D:9)
  An ice beast (D:4)
  5 orc warriors
  A sky beast (D:7)
  An ogre (D:4)
  A necrophage (D:6)
  A centaur (D:9)
  Blork the orc (D:4)
  2 phantoms (D:4)
  A bullfrog (D:5)
  A gnoll sergeant (D:9)
  4 scorpions
  2 water moccasin zombies
  3 water moccasin skeletons (D:5)
  A killer bee (D:9)
  7 wights
  A bullfrog zombie (D:5)
  4 hounds
  A jelly (D:6)
  3 orc priests
  A bullfrog skeleton (D:6)
  A centaur skeleton (D:7)
  A centaur zombie (D:8)
  A gnoll shaman (D:6)
  4 iguanas
  2 orc wizards
  A scorpion zombie (D:5)
  A killer bee zombie (D:5)
  A hound skeleton (D:3)
  A howler monkey zombie (D:5)
  11 adders
  14 gnolls
  3 shadow imps
  2 white imps
  2 adder skeletons (D:3)
  An adder zombie (D:3)
  3 worms
  2 dart slugs
  31 orcs
  5 bats
  2 endoplasms
  7 giant cockroaches
  9 goblins
  5 hobgoblins
  8 jackals
  5 quokkas (D:5)
  8 ball pythons
  2 ball python zombies (D:3)
  2 frilled lizards
  A jackal skeleton (D:3)
  5 kobolds
  A quokka skeleton (D:3)
  8 rats
205 creatures vanquished.

Vanquished Creatures (others)
  10 plants
10 creatures vanquished.

Grand Total: 215 creatures vanquished

Notes
Turn   | Place    | Note
-------+----------+-------------------------------------------
     0 | D:1      | reriks the Gnoll Fighter began the quest for the Orb.
     0 | D:1      | Reached XP level 1. HP: 23/23 MP: 1/1
   353 | D:1      | Reached XP level 2. HP: 29/29 MP: 2/2
   528 | D:1      | Learned a level 1 spell: Animate Skeleton
   891 | D:1      | Reached XP level 3. HP: 35/35 MP: 3/3
  1290 | D:2      | Reached skill level 1 in Invocations
  1471 | D:2      | Reached skill level 1 in Short Blades
  1471 | D:2      | Reached skill level 1 in Long Blades
  1471 | D:2      | Reached skill level 1 in Maces & Flails
  1471 | D:2      | Reached skill level 1 in Polearms
  1471 | D:2      | Reached skill level 1 in Staves
  1471 | D:2      | Reached skill level 1 in Slings
  1471 | D:2      | Reached skill level 1 in Bows
  1471 | D:2      | Reached skill level 1 in Crossbows
  1471 | D:2      | Reached skill level 1 in Throwing
  1471 | D:2      | Reached skill level 1 in Dodging
  1471 | D:2      | Reached skill level 1 in Stealth
  1471 | D:2      | Reached skill level 1 in Unarmed Combat
  1471 | D:2      | Reached skill level 1 in Spellcasting
  1471 | D:2      | Reached skill level 1 in Evocations
  1483 | D:2      | Reached XP level 4. HP: 19/41 MP: 5/5
  1881 | D:2      | Reached skill level 1 in Conjurations
  1881 | D:2      | Reached skill level 1 in Hexes
  1881 | D:2      | Reached skill level 1 in Summonings
  1881 | D:2      | Reached skill level 1 in Necromancy
  1881 | D:2      | Reached skill level 1 in Translocations
  1881 | D:2      | Reached skill level 1 in Transmutations
  1881 | D:2      | Reached skill level 1 in Fire Magic
  1881 | D:2      | Reached skill level 1 in Ice Magic
  1881 | D:2      | Reached skill level 1 in Air Magic
  1881 | D:2      | Reached skill level 1 in Earth Magic
  1881 | D:2      | Reached skill level 1 in Poison Magic
  2366 | D:3      | Found a glowing golden altar of the Shining One.
  2366 | D:3      | Found a bloodstained altar of Trog.
  2366 | D:3      | Found a sacrificial altar of Ru.
  2370 | D:3      | Noticed Sigmund
  2657 | D:3      | Reached XP level 5. HP: 46/47 MP: 5/7
  2795 | D:3      | Found a blossoming altar of Fedhas.
  3005 | D:3      | Found a faded altar of an unknown god.
  3471 | D:4      | Reached XP level 6. HP: 43/53 MP: 8/8
  3545 | D:4      | Reached skill level 5 in Axes
  3958 | D:4      | Reached XP level 7. HP: 47/59 MP: 10/10
  4036 | D:4      | Found a staircase to the Ecumenical Temple.
  4044 | Temple   | Entered the Ecumenical Temple
  4255 | D:4      | Noticed Blork the orc
  4533 | D:4      | Killed Blork the orc
  4679 | D:5      | Entered Level 5 of the Dungeon
  5313 | D:5      | Reached XP level 8. HP: 60/67 MP: 12/12
  5370 | D:5      | Found Hetiavo's Weapon Emporium.
  6818 | D:5      | Bought a +0 vampiric morningstar for 154 gold pieces
  7111 | D:6      | Reached XP level 9. HP: 53/72 MP: 14/14
  7162 | D:3      | Killed Sigmund
  7475 | Temple   | Became a worshipper of Warmaster Okawaru
  8598 | D:7      | Reached * piety under Okawaru
  9208 | D:7      | Reached skill level 5 in Invocations
  9279 | D:7      | Found a broken altar of Ashenzari.
  9282 | D:7      | Found a shimmering blue altar of Sif Muna.
  9283 | D:7      | Found a hazy altar of Hepliaklqana.
  9381 | D:7      | Noticed Maggie
  9389 | D:7      | Killed Maggie
  9511 | D:7      | Identified the +1 leather armour of Duty {rElec rF+ SInv}
  9828 | D:8      | Reached XP level 10. HP: 77/80 MP: 17/17
  9835 | D:8      | Reached ** piety under Okawaru
  9844 | D:8      | Reached skill level 5 in Short Blades
  9844 | D:8      | Reached skill level 5 in Long Blades
  9844 | D:8      | Reached skill level 5 in Maces & Flails
  9844 | D:8      | Reached skill level 5 in Polearms
  9844 | D:8      | Reached skill level 5 in Staves
  9844 | D:8      | Reached skill level 5 in Slings
  9844 | D:8      | Reached skill level 5 in Bows
  9844 | D:8      | Reached skill level 5 in Crossbows
  9844 | D:8      | Reached skill level 5 in Throwing
  9844 | D:8      | Reached skill level 5 in Dodging
  9844 | D:8      | Reached skill level 5 in Stealth
  9844 | D:8      | Reached skill level 5 in Unarmed Combat
  9844 | D:8      | Reached skill level 5 in Spellcasting
  9844 | D:8      | Reached skill level 5 in Evocations
  9844 | D:8      | Identified a scroll of acquirement
  9844 | D:8      | Acquired the +0 pair of boots of the Iron City of Dis {Harm
                  | rC+++}
 10495 | D:8      | Found a snail-covered altar of Cheibriados.
 11125 | D:8      | Noticed a two-headed ogre
 12171 | D:9      | Found Mueqiteh's Armour Shoppe.
 12855 | D:9      | Found a staircase to the Lair.
 12918 | D:9      | Slain by a warg

Illustrated notes

Levels and vault maps discovered:
D:1:      sevenhm_arrival_forest_fort_small_1, layout_loops_ring, serial_forest,
          infiniplex_forest_clump_double, infiniplex_forest_end_3,
          infiniplex_forest_end_double, infiniplex_forest_clump_double,
          infiniplex_forest_straight_5, infiniplex_forest_clump_small,
          infiniplex_forest_clump_double, chequers_serial_rivers_micro_d,
          serial_bayou_pond_c, kennysheep_minor_cross, chequers_garden
D:2:      layout_loops_ring, minmay_misc_feat_ornament
D:3:      minmay_inner_zag, layout_basic, old_standard_altar,
          gammafunk_temple_overflow_forgotten, lemuel_coloured_pillars_altar,
          hellmonk_ecumenical_altar_leap_of_faith, serial_undead,
          serial_undead_a, serial_undead_d, serial_undead_d, serial_undead_b,
          dk_vineyard_2, uniq_sigmund
D:4:      layout_rooms, minmay_temple_entry_mini_moons, uniq_blork_the_orc
D:5:      layout_basic, serial_shops, shop, gup_sewer_entry_pipe,
          hangedman_decor_riveting
D:6:      minmay_thick_lines, layout_basic, chequers_arboretum, minmay_between
D:7:      layout_loops_ring, grunt_temple_overflow_open, uniq_maggie
D:8:      layout_basic, kennysheep_slug_shrine, special_room [special_room_orc]
D:9:      wander_river, layout_stronghold, erik_lair_orcish_takeover,
          serial_shops, kennysheep_mini, nicolae_shop_overgrown_old_shop,
          nicolae_shop_trees, shop
Temple:   hc_temple_tempest_star

Skill      XL: |  1  2  3  4  5  6  7  8  9 10 |
---------------+-------------------------------+-----
Invocations    | 1 2 3 4 5 |  5.9
Short Blades   | 1 2 3 4 5 |  5.3
Long Blades    | 1 2 3 4 5 |  5.3
Maces & Flails | 1 2 3 4 5 |  5.3
Polearms       | 1 2 3 4 5 |  5.3
Staves         | 1 2 3 4 5 |  5.3
Slings         | 1 2 3 4 5 |  5.3
Bows           | 1 2 3 4 5 |  5.3
Crossbows      | 1 2 3 4 5 |  5.3
Throwing       | 1 2 3 4 5 |  5.3
Dodging        | 1 2 3 4 5 |  5.3
Stealth        | 1 2 3 4 5 |  5.3
Unarmed Combat | 1 2 3 4 5 |  5.3
Spellcasting   | 1 2 3 4 5 |  5.3
Evocations     | 1 2 3 4 5 |  5.3
Conjurations   | 1 2 3 4 |  4.4
Hexes          | 1 2 3 4 |  4.4
Summonings     | 1 2 3 4 |  4.4
Necromancy     | 1 2 3 4 |  4.4
Translocations | 1 2 3 4 |  4.4
Transmutations | 1 2 3 4 |  4.4
Fire Magic     | 1 2 3 4 |  4.4
Ice Magic      | 1 2 3 4 |  4.4
Air Magic      | 1 2 3 4 |  4.4
Earth Magic    | 1 2 3 4 |  4.4
Poison Magic   | 1 2 3 4 |  4.4
Axes           | 5 6 7 |  7.1
Fighting       | 7 8 |  8.5
Armour         | 7 8 |  8.5
Shields        | 7 8 |  8.5

Action                   |  1- 3 |  4- 6 |  7- 9 | 10-12 || total
-------------------------+-------+-------+-------+-------++-------
Melee: War axe           |   107 |   150 |   210 |       ||   467
       Bite              |     7 |    15 |    62 |    31 ||   115
       Dagger            |       |    28 |       |       ||    28
       Morningstar       |       |       |   239 |   242 ||   481
Throw: Boomerang         |       |       |       |     3 ||     3
Evoke: Wand              |       |       |     3 |       ||     3
  Use: Scroll            |       |     3 |     5 |     3 ||    11
       Potion            |       |       |     3 |       ||     3
Armor: Scale mail        |    37 |    78 |    83 |       ||   198
       Plate armour      |       |       |   127 |   141 ||   268
       Skin              |       |       |     1 |       ||     1
Dodge: Dodged            |    33 |    75 |   112 |    99 ||   319
Block: Kite shield       |    61 |   113 |   280 |   206 ||   660

Table legend: (Time is in decaauts)
 A = Elapsed time spent in this place.
 B = Non-inter-level travel time spent in this place.
 C = Inter-level travel time spent in this place.
 D = Time resting spent in this place.
 E = Time spent auto-exploring this place.
 F = Levels seen in this place.
 G = Mean time per level.
                   A        B        C        D        E       F      G
               +--------+--------+--------+--------+--------+-----+--------+
         Total |  13388 |  12676 |    712 |   4004 |   5865 |  10 | 1338.8 |
       Dungeon |  13166 |  12491 |    675 |   4004 |   5697 |   9 | 1462.9 |
        Temple |    222 |    185 |     37 |      0 |    168 |   1 |  222.0 |
               +--------+--------+--------+--------+--------+-----+--------+

Top non-repeatable levels by time:
     D:8: 1973 daAuts
     D:4: 1820 daAuts
     D:5: 1619 daAuts
     D:2: 1590 daAuts
     D:9: 1369 daAuts
     D:6: 1346 daAuts
     D:1: 1292 daAuts
     D:7: 1162 daAuts
     D:3: 991 daAuts
  Temple: 222 daAuts
